 Dungeon Crawl Stone Soup version 0.28.0-45-g0d030f2227 (webtiles) character file.

Game seed: 14850763461924410694

2250 MisterFreud the Covert (level 9, -16/74 HPs)
             Began as a Gnoll Delver on May 14, 2022.
             Was a Priest of Okawaru.
             Killed from afar by a steam dragon (25 damage)
             ... with a ball of steam
             ... on level 6 of the Dungeon.
             The game lasted 00:08:39 (6644 turns).

MisterFreud the Covert (Gnoll Delver)               Turns: 6644, Time: 00:08:40

Health: -16/74     AC:  3    Str: 23    XL:     9   Next: 37%
Magic:  15/15      EV: 14    Int: 13    God:    Okawaru [***...]
Gold:   652        SH:  5    Dex: 13    Spells: 16/16 levels left

rFire   . . .      SeeInvis .   a - +2 whip (elec)
rCold   . . .      Faith    .   (no shield)
rNeg    . . .      Spirit   .   p - +0 leather armour
rPois   .          Reflect  +   (no helmet)
rElec   .          Harm     .   (no cloak)
rCorr   .          Rampage  .   (no gloves)
Will    +....                   (no boots)
Stlth   ++++......              s - amulet of reflection
HPRegen 0.22/turn               K - +6 ring of strength
MPRegen 0.14/turn               N - ring of Poda {Fly Will+ Str+4}

@: flying
A: fangs 1, strong nose, distributed training
a: Renounce Religion, Heroism


You were on level 6 of the Dungeon.
You worshipped Okawaru.
Okawaru was most pleased with you.
You visited 1 branch of the dungeon, and saw 7 of its levels.

You collected 1332 gold pieces.
You spent 680 gold pieces at shops.

Inventory:

Hand Weapons
 a - a +2 whip of electrocution (weapon)
 b - a +1 dagger of venom
Missiles
 u - 2 javelins (quivered)
Armour
 p - a +0 leather armour (worn)
Jewellery
 k - an amulet of magic regeneration
 q - a ring of flight
 s - an amulet of reflection (around neck)
 w - a ring of magical power
 D - a ring of ice
 H - a ring of positive energy
 K - a +6 ring of strength (left hand)
 N - the ring of Poda (right hand) {Fly Will+ Str+4}
   (You found it on level 5 of the Dungeon)

   [ring of flight]

   Str:       It affects your strength (+4).
   Fly:       It grants you flight.
   Will:      It increases your willpower.
Wands
 g - a wand of digging (3)
 E - a wand of flame (8)
Scrolls
 c - a scroll of fog
 d - a scroll of magic mapping
 e - a scroll of fear
 l - 5 scrolls of teleportation
 o - a scroll of brand weapon
 z - a scroll of holy word
 G - a scroll of vulnerability {unknown}
 I - a scroll of blinking {unknown}
 J - a scroll of noise {unknown}
 O - a scroll of enchant weapon {unknown}
Potions
 f - 3 potions of haste
 h - 7 potions of curing
 i - 2 potions of brilliance {unknown}
 j - 2 potions of lignification
 m - a potion of magic {unknown}
 n - 3 potions of ambrosia {unknown}
 r - 2 potions of attraction {unknown}
 t - 2 potions of invisibility
 v - a potion of heal wounds {unknown}
 A - 2 potions of berserk rage
 B - a potion of might
 C - 3 potions of flight
 F - a potion of degeneration {unknown}
 L - a potion of cancellation {unknown}
Miscellaneous
 x - a piece from Xom's chessboard (15/15)
 y - a phial of floods


   Skills:
 + Level 7.8 Fighting
 + Level 6.3 Short Blades
 + Level 4.2 Long Blades
 + Level 4.2 Axes
 + Level 4.2 Maces & Flails
 + Level 4.2 Polearms
 + Level 4.2 Staves
 + Level 4.2 Slings
 + Level 4.2 Bows
 + Level 4.2 Crossbows
 + Level 4.2 Throwing
 + Level 4.2 Armour
 + Level 6.3 Dodging
 + Level 10.5 Stealth
 + Level 4.2 Shields
 + Level 4.2 Unarmed Combat
 + Level 4.2 Spellcasting
 + Level 3.4 Conjurations
 + Level 3.4 Hexes
 + Level 3.4 Summonings
 + Level 3.4 Necromancy
 + Level 3.4 Translocations
 + Level 3.4 Transmutations
 + Level 3.4 Fire Magic
 + Level 3.4 Ice Magic
 + Level 3.4 Air Magic
 + Level 3.4 Earth Magic
 + Level 3.4 Poison Magic
 + Level 4.6 Invocations
 + Level 4.2 Evocations


You had 16 spell levels left.
You didn't know any spells.
Your spell library contained the following spells:

 Spells                   Type           Power      Damage    Failure   Level
 Pain                     Necr           44%        1d6       5%          1
 Slow                     Hex            44%        N/A       5%          1
 Confusing Touch          Hex            11%        N/A       17%         3
 Vampiric Draining        Necr           11%        2d6       17%         3
 Animate Skeleton         Necr           Unusable   N/A       N/A         1

Dungeon Overview and Level Annotations

Branches:
Dungeon (7/15)             Temple (0/1) D:5

Altars:
Cheibriados
Hepliaklqana
Kikubaaqudgha
Okawaru
Xom
Zin

Shops:
D:1 !   D:2 *

Annotations:
D:2 Robin
D:4 4 runed translucent doors


Innate Abilities, Weirdness & Mutations

You have very sharp teeth.
Your uncanny sense of smell can sniff out nearby items.
Your experience applies equally to all skills.


Message History

The bullfrog is severely wounded.
The orc priest shouts!
The steam dragon breathes steam at you. The ball of steam hits you!
The bullfrog hits you.
You are engulfed in a cloud of scalding steam.
The bullfrog is engulfed in a cloud of scalding steam.
The orc priest is engulfed in a cloud of scalding steam.
The orc priest mumbles some strange prayers to Beogh against you.
Pain shoots through your body!
The bullfrog is engulfed in a cloud of scalding steam.
The bullfrog hits you.
There is a stone staircase leading up here.
You are engulfed in a cloud of scalding steam.
The steam dragon barely misses you. The steam dragon misses you.
The orc priest is engulfed in a cloud of scalding steam.
You block the orc priest's attack. The bullfrog barely misses you.
You fly upwards.
There is a stone staircase leading down here.
Unknown command.
You hit the steam dragon.
The steam dragon is lightly wounded.
The bullfrog barely misses you. The steam dragon bites you.
The steam dragon closely misses you.
The orc priest calls down the wrath of Beogh upon you.
Beogh smites you!
* * * LOW HITPOINT WARNING * * *
You barely miss the steam dragon.
You bite the steam dragon, but do no damage.
The steam dragon is lightly wounded.
The bullfrog misses you. The steam dragon misses you.
The steam dragon claws you but does no damage.
The orc priest misses you. The bullfrog hits you.
* * * LOW HITPOINT WARNING * * *
The bullfrog barely misses you. The steam dragon bites you.
* * * LOW HITPOINT WARNING * * *
The steam dragon closely misses you. You block the bullfrog's attack.
The steam dragon breathes steam at you. The ball of steam hits you!!
You die...

.....######........+..........#..
.....##..##..##....#..........#..
.........##..#######..........'..
..(.......'..##....#..........#..
..........#..#.....#..........###
..........#(.#.....#.............
.##########'###'####.............
.##########.###....#.............
................@ยง.#.............
................F.D#.............
.................o.#.............
...................#..........###
...###.#######'#####.......<..#..
######.##.....................#..
........#.....................#..
........#.....................#'#
........#.....................#..


You could see a steam dragon (catching breath), a bullfrog and an orc priest.

Vanquished Creatures
  A boulder beetle (D:6)
  Pikel (D:5)
  Eustachio (D:5)
  An orc warrior (D:4)
  A sky beast (D:6)
  A black bear (D:5)
  A centaur (D:6)
  3 lemures
  Blork the orc (D:5)
  A bullfrog (D:6)
  A howler monkey (D:4)
  A centaur zombie (D:5)
  A bullfrog zombie (D:4)
  A jelly (D:6)
  A hound (D:4)
  A bullfrog skeleton (D:6)
  2 orc priests
  Jessica (D:2)
  3 iguanas
  3 orc wizards
  A hound skeleton (D:5)
  4 gnolls (D:2)
  A howler monkey skeleton (D:6)
  3 adders
  A shadow imp (D:6)
  An adder skeleton (D:4)
  2 worms (D:2)
  4 dart slugs
  10 orcs
  4 ball pythons
  4 bats
  5 endoplasms
  A giant cockroach (D:3)
  8 goblins
  9 hobgoblins
  4 jackals (D:3)
  9 quokkas
  2 frilled lizards
  7 kobolds
  5 rats
112 creatures vanquished.

Vanquished Creatures (others)
  A plant (D:5)
1 creature vanquished.

Grand Total: 113 creatures vanquished

Notes
Turn   | Place    | Note
-------+----------+-------------------------------------------
     0 | D:5      | Reached skill level 9 in Stealth
     0 | D:5      | MisterFreud the Gnoll Delver began the quest for the Orb.
     0 | D:5      | Reached XP level 1. HP: 23/23 MP: 1/1
     3 | D:6      | Noticed a bullfrog
     6 | D:6      | Killed a bullfrog
     7 | D:6      | Reached skill level 1 in Long Blades
     7 | D:6      | Reached skill level 1 in Axes
     7 | D:6      | Reached skill level 1 in Maces & Flails
     7 | D:6      | Reached skill level 1 in Polearms
     7 | D:6      | Reached skill level 1 in Staves
     7 | D:6      | Reached skill level 1 in Slings
     7 | D:6      | Reached skill level 1 in Bows
     7 | D:6      | Reached skill level 1 in Crossbows
     7 | D:6      | Reached skill level 1 in Throwing
     7 | D:6      | Reached skill level 1 in Armour
     7 | D:6      | Reached skill level 1 in Shields
     7 | D:6      | Reached skill level 1 in Unarmed Combat
     7 | D:6      | Reached skill level 1 in Spellcasting
     7 | D:6      | Reached skill level 1 in Invocations
     7 | D:6      | Reached skill level 1 in Evocations
     7 | D:6      | Reached XP level 2. HP: 29/29 MP: 1/3
     7 | D:6      | Reached XP level 3. HP: 35/35 MP: 1/4
     7 | D:6      | Reached XP level 4. HP: 41/41 MP: 1/5
    55 | D:4      | Found a large runed translucent door.
    55 | D:4      | Found a large runed translucent door.
   227 | D:4      | Reached skill level 1 in Conjurations
   227 | D:4      | Reached skill level 1 in Hexes
   227 | D:4      | Reached skill level 1 in Summonings
   227 | D:4      | Reached skill level 1 in Necromancy
   227 | D:4      | Reached skill level 1 in Translocations
   227 | D:4      | Reached skill level 1 in Transmutations
   227 | D:4      | Reached skill level 1 in Fire Magic
   227 | D:4      | Reached skill level 1 in Ice Magic
   227 | D:4      | Reached skill level 1 in Air Magic
   227 | D:4      | Reached skill level 1 in Earth Magic
   227 | D:4      | Reached skill level 1 in Poison Magic
   711 | D:1      | Found Wabrih Apsu's Distillery.
   738 | D:1      | Reached XP level 5. HP: 45/47 MP: 6/6
  1038 | D:1      | Found a faded altar of an unknown god.
  1249 | D:1      | Prayed at the altar of an unknown god.
  1249 | D:1      | Became a worshipper of Warmaster Okawaru
  1249 | D:1      | Reached * piety under Okawaru
  1776 | D:2      | Noticed Jessica
  1782 | D:2      | Killed Jessica
  1787 | D:2      | Got Jessica's Grimoire of Black Rites
  1833 | D:2      | Found Ykeritzi's Assorted Antiques.
  1843 | D:2      | Reached XP level 6. HP: 47/53 MP: 8/8
  2196 | D:3      | Noticed Robin
  3033 | D:4      | Noticed a sky beast
  3058 | D:4      | Reached skill level 5 in Short Blades
  3058 | D:4      | Reached skill level 5 in Dodging
  3094 | D:4      | Found a large runed translucent door.
  3094 | D:4      | Found a large runed translucent door.
  3498 | D:4      | Noticed an orc warrior
  3501 | D:4      | Killed an orc warrior
  3502 | D:4      | Reached XP level 7. HP: 60/60 MP: 10/10
  3645 | D:4      | Identified a scroll of acquirement
  3647 | D:4      | Acquired 965 gold pieces
  3713 | D:2      | Bought a scroll of teleportation for 60 gold pieces
  3713 | D:2      | Bought a blue potion for 18 gold pieces
  3713 | D:2      | Bought a scroll of teleportation for 60 gold pieces
  3713 | D:2      | Bought a scroll labelled JYSEDO VEOMU for 20 gold pieces
  3713 | D:2      | Bought a bubbling grey potion for 18 gold pieces
  3753 | D:1      | Bought a potion of haste for 140 gold pieces
  3753 | D:1      | Bought a potion of curing for 42 gold pieces
  3753 | D:1      | Bought a potion of berserk rage for 70 gold pieces
  3753 | D:1      | Bought a potion of invisibility for 112 gold pieces
  3753 | D:1      | Bought a potion of might for 56 gold pieces
  3753 | D:1      | Bought 2 potions of flight for 84 gold pieces
  3790 | D:5      | Noticed Eustachio
  3817 | D:5      | Killed Eustachio
  3931 | D:5      | Noticed Blork the orc
  3932 | D:5      | Noticed Pikel
  4159 | D:6      | Reached skill level 10 in Stealth
  4173 | D:5      | Found a shimmering altar of Xom.
  4173 | D:5      | Found an ancient bone altar of Kikubaaqudgha.
  4173 | D:5      | Found a glowing silver altar of Zin.
  4173 | D:5      | Found a snail-covered altar of Cheibriados.
  4238 | D:5      | Found a hazy altar of Hepliaklqana.
  4337 | D:6      | Reached ** piety under Okawaru
  4370 | D:6      | Reached XP level 8. HP: 48/67 MP: 12/12
  4642 | D:6      | Noticed a boulder beetle
  4655 | D:6      | Killed a boulder beetle
  5620 | D:5      | Killed Pikel
  5620 | D:5      | Reached *** piety under Okawaru
  5621 | D:5      | Reached XP level 9. HP: 37/74 MP: 13/15
  5634 | D:5      | Identified the ring of Poda {Fly Will+ Str+4}
  5959 | D:5      | Killed Blork the orc
  6273 | D:5      | Found a staircase to the Ecumenical Temple.
  6644 | D:6      | Killed from afar by a steam dragon

Illustrated notes

Levels and vault maps discovered:
D:1:      roderic_crop_circles_arrival_small, layout_basic, serial_shops, shop,
          shapermc_ecumenical_altar_mp_highgroup
D:2:      layout_basic, serial_shops, nicolae_shop_overgrown_old_shop,
          kennysheep_jessica_study
D:3:      layout_rooms, uniq_robin
D:4:      layout_rooms, minmay_hollow_rounded_squares
D:5:      layout_loops_cross, nicolae_overflow_hidden_temple,
          minmay_temple_entry_drinking_statues, corexii_shack, uniq_eustachio,
          uniq_pikel, uniq_blork_the_orc
D:6:      layout_gridville
D:7:      layout_rooms, lemuel_crystal_altar

Skill      XL: |  1  2  3  4  5  6  7  8 |
---------------+-------------------------+-----
Stealth        | 10 | 10.5
Long Blades    | 1 2 4 |  4.2
Axes           | 1 2 4 |  4.2
Maces & Flails | 1 2 4 |  4.2
Polearms       | 1 2 4 |  4.2
Staves         | 1 2 4 |  4.2
Slings         | 1 2 4 |  4.2
Bows           | 1 2 4 |  4.2
Crossbows      | 1 2 4 |  4.2
Throwing       | 1 2 4 |  4.2
Armour         | 1 2 4 |  4.2
Shields        | 1 2 4 |  4.2
Unarmed Combat | 1 2 4 |  4.2
Spellcasting   | 1 2 4 |  4.2
Invocations    | 1 2 3 4 |  4.6
Evocations     | 1 2 4 |  4.2
Conjurations   | 1 2 3 |  3.4
Hexes          | 1 2 3 |  3.4
Summonings     | 1 2 3 |  3.4
Necromancy     | 1 2 3 |  3.4
Translocations | 1 2 3 |  3.4
Transmutations | 1 2 3 |  3.4
Fire Magic     | 1 2 3 |  3.4
Ice Magic      | 1 2 3 |  3.4
Air Magic      | 1 2 3 |  3.4
Earth Magic    | 1 2 3 |  3.4
Poison Magic   | 1 2 3 |  3.4
Short Blades   | 5 6 |  6.3
Dodging        | 5 6 |  6.3
Fighting       | 7 |  7.8

Action                   |  1- 3 |  4- 6 |  7- 9 || total
-------------------------+-------+-------+-------++-------
Melee: Short sword       |     1 |   129 |       ||   130
       Bite              |       |    31 |    32 ||    63
       Punch             |       |     6 |     5 ||    11
       Dagger            |       |   121 |   156 ||   277
       Whip              |       |       |    37 ||    37
  Use: Scroll            |       |     3 |     4 ||     7
 Stab: Sleeping          |     1 |    30 |     4 ||    35
Armor: Leather armour    |       |    32 |    23 ||    55
Dodge: Dodged            |       |   112 |   121 ||   233
Block: Other             |       |     9 |    46 ||    55
